 Dungeon Crawl Stone Soup version 0.19.1 (webtiles) character file.

7823 ChaseSP the Severer (level 11, -4/93 HPs)
             Began as a Deep Dwarf Fighter on Nov 25, 2016.
             Was an Elder of Makhleb.
             Slain by a spiny frog (7 damage)
             ... on level 1 of the Lair of Beasts.
             The game lasted 00:24:38 (8616 turns).

ChaseSP the Severer (Deep Dwarf Fighter)            Turns: 8616, Time: 00:24:39

Health: -4/93      AC: 12    Str: 19    XL:     11   Next: 1%
Magic:  12/12      EV: 12    Int:  8    God:    Makhleb [****..]
Gold:   414        SH: 10    Dex: 23    Spells: 0 memorised, 10 levels left

rFire  . . .     SeeInvis .     C - +1 war axe (chop)
rCold  . . .     Gourm    .     z - +2 chain mail {MR+}
rNeg   . . .     Faith    .     c - +0 shield
rPois  +         Spirit   .     (no helmet)
rElec  .         Reflect  .     s - +0 cloak
rCorr  .         Harm     .     (no gloves)
MR     ++...     Rnd*Rage +     (no boots)
Stlth  ..........               (no amulet)
                                I - ring of poison resistance
                                r - +3 ring of dexterity

@: agile, non-regenerating
A: damage resistance, recharge devices, berserk 1, sense surroundings 2, slow
regeneration 3, weak 1
a: Device Recharging, Minor Destruction, Lesser Servant of Makhleb, Major
Destruction, Renounce Religion


You were on level 1 of the Lair of Beasts.
You worshipped Makhleb.
Makhleb was greatly pleased with you.
You were not hungry.

You visited 3 branches of the dungeon, and saw 13 of its levels.

You collected 574 gold pieces.
You spent 160 gold pieces at shops.

Inventory:

Hand Weapons
 a - a +6 dire flail of crushing
 C - a +1 war axe of chopping (weapon)
Missiles
 n - 4 silver javelins (quivered)
 w - 14 bolts
Armour
 b - a +0 scale mail
 c - a +0 shield (worn)
 s - a +0 cloak (worn)
 y - a +1 chain mail of cold resistance
 z - a +2 chain mail of magic resistance (worn)
 E - the +1 scale mail of the Valley of Death {rN+ SInv}
   (You found it on level 7 of the Dungeon)

   It protects you from negative energy.
   It lets you see invisible.
Jewellery
 r - a +3 ring of dexterity (left hand)
 I - a ring of poison resistance (right hand)
 K - an uncursed amulet of faith {unknown}
Wands
 e - a wand of heal wounds (0/9)
Scrolls
 m - 2 scrolls of fog
 o - 3 scrolls of recharging
 p - 5 scrolls of teleportation
 q - 2 scrolls of amnesia
 u - 2 scrolls of remove curse
 A - a scroll of blinking
 D - 2 scrolls of identify
 H - a scroll of vulnerability {unknown}
 J - a scroll of magic mapping
Potions
 d - a potion of cancellation {unknown}
 g - 2 potions of lignification {unknown}
 i - 3 potions of brilliance {unknown}
 l - 2 potions of curing
 t - a potion of magic {unknown}
 v - 2 potions of agility
 x - 2 potions of mutation {unknown}
 B - a potion of invisibility {unknown}
 F - a potion of resistance
 G - a potion of ambrosia {unknown}
Books
 L - a book of Flames

   Spells                             Type                      Level
   a - Flame Tongue                   Conjuration/Fire             1
   b - Throw Flame                    Conjuration/Fire             2
   c - Conjure Flame                  Conjuration/Fire             3
   d - Inner Flame                    Hexes/Fire                   3
   e - Sticky Flame                   Conjuration/Fire             4
   f - Fireball                       Conjuration/Fire             5
Comestibles
 f - 9 bread rations
 h - a slice of pizza
 j - 7 meat rations
 k - 4 beef jerkies
 M - a royal jelly


   Skills:
 + Level 4.4 Fighting
 * Level 15.4 Axes
 - Level 3.2 Armour
 + Level 4.0 Dodging
 - Level 3.2 Shields
 + Level 5.0 Invocations
 - Level 6.1 Evocations


You had 10 spell levels left.
You didn't know any spells.

Dungeon Overview and Level Annotations

Branches:
Dungeon (11/15)            Temple (1/1) D:6            Lair (1/6) D:11
    Orc: D:9-12

Altars:
Dithmenos
Elyvilon
Fedhas
Makhleb
Okawaru
Qazlal
Trog
Xom
Yredelemnul
Zin
The Shining One

Shops:
D:8 *

Annotations:
D:9 exclusion: oklob plant
D:10 exclusion: 2 oklob plants


Innate Abilities, Weirdness & Mutations

You are resistant to damage.
You can recharge devices by infusing magical energy.
You passively map the area around you.
You do not regenerate.
You tend to lose your temper in combat.
You are weak. (Str -2)


Message History

The spiny frog is heavily wounded.
The spiny frog barely misses you. The spiny frog stings you!
* * * LOW HITPOINT WARNING * * *
Unknown command.
Unknown command.
Press: ? - help, Shift-Dir - straight line, f/p - basilisk
Aim: a basilisk
Okay, then.
The spiny frog stings you!
* * * LOW HITPOINT WARNING * * *
The spiny frog stings you but does no damage.
You hit the spiny frog.
The spiny frog is almost dead.
You closely miss the spiny frog. The spiny frog stings you.
* * * LOW HITPOINT WARNING * * *
Unknown command.
It was a potion of agility.
You feel agile all of a sudden. The spiny frog stings you!
You die...

#.P ...,#P#P####....##
#... ..#*#*## #.....#
..##.# #.(..## ,
##...## #....# ,
#.....# #....#
,*#.##..# #....# #.
,##.### ##....# # ,
#....######.....# ..
##.....l.F@.....#
..###.###......FF.....#
....#..........(......#
....#..###............#
....####...#######....#
#...#....## #†...##
#....†P...# #.....#
#....##.### #....##
#..)..### #....#


You could see 3 spiny frogs and a basilisk.

Vanquished Creatures
  Urug (D:11)
  A hill giant (D:10)
  A black mamba (Lair:1)
  2 spiny frogs
  A merfolk (D:9)
  A troll (D:6)
  Grinder (D:6)
  2 hippogriffs
  Sigmund (D:4)
  Eustachio (D:5)
  Menkaure (D:6)
  Edmund (D:6)
  3 water moccasins
  A porcupine (Lair:1)
  An ice beast (D:10)
  A sky beast (D:11)
  An orc warrior (D:7)
  2 phantoms
  A necrophage (D:6)
  3 ogres
  2 centaurs (D:6)
  3 big kobolds
  Blork the orc (D:6)
  3 bullfrogs
  A gnoll sergeant (D:10)
  4 scorpions
  12 killer bees
  5 wights (D:7)
  A hound (D:5)
  A centaur zombie (D:7)
  9 crimson imps
  2 centaur skeletons
  9 orc priests
  Crazy Yiuf (D:7)
  A jelly (D:8)
  8 orc wizards
  A bullfrog skeleton (D:7)
  Terence (D:2)
  An iguana (D:7)
  8 worker ants
  3 hound skeletons
  A howler monkey zombie (D:8)
  A worker ant zombie (D:8)
  7 gnolls
  8 adders
  A shadow imp (D:9)
  3 oozes
  3 adder skeletons
  2 worms
  2 dart slugs
  5 leopard geckos
  35 orcs
  2 giant cockroaches (D:2)
  7 goblins
  3 hobgoblins (D:3)
  14 jackals
  8 quokkas
  A ball python (D:4)
  4 bats
  8 frilled lizards
  A jackal zombie (D:5)
  22 kobolds
  A leopard gecko skeleton (D:5)
  A quokka skeleton (D:9)
  5 rats
  2 fungi (D:7)
251 creatures vanquished.

Notes
Turn   | Place    | Note
-------+----------+-------------------------------------------
     0 | D:1      | ChaseSP the Deep Dwarf Fighter began the quest for the Orb.
     0 | D:1      | Reached XP level 1. HP: 20/20 MP: 1/1
    91 | D:1      | Reached skill level 3 in Axes
    91 | D:1      | Reached XP level 2. HP: 25/27 MP: 2/2
   532 | D:2      | Reached skill level 4 in Axes
   532 | D:2      | Reached XP level 3. HP: 21/33 MP: 3/3
   613 | D:2      | Found a shadowy altar of Dithmenos.
   613 | D:2      | Found a bloodstained altar of Trog.
   619 | D:2      | Found a basalt altar of Yredelemnul.
   680 | D:2      | Noticed Terence
   727 | D:2      | Killed Terence
   727 | D:2      | Reached skill level 5 in Axes
   727 | D:2      | Reached XP level 4. HP: 38/40 MP: 4/4
  1088 | D:3      | Noticed an ogre
  1093 | D:3      | Found an iron altar of Okawaru.
  1303 | D:4      | Reached XP level 5. HP: 34/46 MP: 5/5
  1462 | D:4      | Reached skill level 6 in Axes
  2080 | D:4      | Noticed Sigmund
  2234 | D:3      | Killed an ogre
  2234 | D:3      | Reached skill level 7 in Axes
  2234 | D:3      | Reached XP level 6. HP: 18/55 MP: 5/5
  2919 | D:4      | Killed Sigmund
  2919 | D:4      | Reached skill level 8 in Axes
  3208 | D:5      | Entered Level 5 of the Dungeon
  3214 | D:5      | Reached XP level 7. HP: 53/61 MP: 6/6
  3387 | D:5      | Found a glowing silver altar of Zin.
  3631 | D:5      | Reached skill level 9 in Axes
  3802 | D:6      | Noticed Blork the orc
  3802 | D:6      | Noticed Eustachio
  3833 | D:5      | Killed Eustachio
  4008 | D:6      | Killed Blork the orc
  4008 | D:6      | Reached skill level 10 in Axes
  4070 | D:6      | Reached XP level 8. HP: 35/68 MP: 6/6
  4145 | D:6      | Noticed Grinder
  4146 | D:6      | Noticed Edmund
  4171 | D:6      | Killed Edmund
  4171 | D:6      | Reached skill level 11 in Axes
  4181 | D:6      | Killed Grinder
  4232 | D:6      | Reached skill level 12 in Axes
  4687 | D:6      | Noticed Menkaure
  4692 | D:6      | Killed Menkaure
  4692 | D:6      | Gained mutation: You passively map the area around you. [Deep Dwarf growth]
  4692 | D:6      | Reached XP level 9. HP: 73/74 MP: 6/6
  4709 | D:6      | Found a staircase to the Ecumenical Temple.
  4727 | Temple   | Entered the Ecumenical Temple
  4743 | Temple   | Became a worshipper of Makhleb the Destroyer
  5036 | D:7      | Noticed a troll
  5048 | D:6      | Killed a troll
  5048 | D:6      | Reached skill level 13 in Axes
  5310 | D:7      | Reached * piety under Makhleb
  5387 | D:7      | Got a bronze scale mail
  5404 | D:7      | Identified the cursed +1 scale mail of the Valley of Death {rN+ SInv} (You found it on level 7 of the Dungeon)
  5855 | D:7      | Found a runed door.
  5859 | D:7      | Noticed Crazy Yiuf
  5863 | D:7      | Killed Crazy Yiuf
  5902 | D:8      | Found Sadynuc's General Store.
  5910 | D:8      | Bought a potion of resistance for 160 gold pieces
  5965 | D:8      | Reached skill level 14 in Axes
  5969 | D:8      | Reached skill level 5 in Evocations
  6099 | D:8      | Reached ** piety under Makhleb
  6415 | D:8      | Reached XP level 10. HP: 62/81 MP: 11/11
  6929 | D:9      | Reached *** piety under Makhleb
  7304 | D:9      | Reached skill level 1 in Dodging
  7304 | D:9      | Reached skill level 1 in Invocations
  7347 | D:9      | Found a blossoming altar of Fedhas.
  7374 | D:9      | Noticed an oklob plant
  7668 | D:10     | Entered Level 10 of the Dungeon
  7882 | D:10     | Noticed a hill giant
  7894 | D:10     | Killed a hill giant
  8079 | D:10     | Reached skill level 15 in Axes
  8169 | D:10     | Found a blossoming altar of Fedhas.
  8174 | D:10     | Noticed an oklob plant
  8174 | D:10     | Noticed an oklob plant
  8246 | D:11     | Found a staircase to the Lair.
  8279 | D:11     | Noticed Urug
  8298 | D:11     | Killed Urug
  8298 | D:11     | Reached **** piety under Makhleb
  8304 | D:11     | Noticed a spiny frog
  8313 | D:11     | Killed a spiny frog
  8335 | D:11     | Gained mutation: You are weak. (Str -2) [mutagenic meat]
  8336 | D:11     | Gained mutation: You tend to lose your temper in combat. [mutagenic meat]
  8355 | Lair:1   | Entered Level 1 of the Lair of Beasts
  8397 | Lair:1   | Noticed a black mamba
  8407 | Lair:1   | Killed a black mamba
  8562 | Lair:1   | Noticed a spiny frog
  8572 | Lair:1   | Killed a spiny frog
  8572 | Lair:1   | Reached skill level 5 in Invocations
  8572 | Lair:1   | Reached XP level 11. HP: 87/93 MP: 12/12
  8615 | Lair:1   | HP: 3/93 [spiny frog (2)]
  8616 | Lair:1   | Slain by a spiny frog

Skill      XL: |  1  2  3  4  5  6  7  8  9 10 |
---------------+-------------------------------+-----
Axes           | 3 4 5 7 8 10 12 14 15 | 15.4
Evocations     | 5 6 |  6.1
Dodging        | 4 |  4.0
Invocations    | 5 |  5.0
Fighting       | 4 |  4.4
Armour         | |  3.2
Shields        | |  3.2

Action                   |  1- 3 |  4- 6 |  7- 9 | 10-12 || total
-------------------------+-------+-------+-------+-------++-------
Melee: War axe           |    95 |   170 |   419 |   251 ||   935
Throw: Javelin           |       |       |     4 |       ||     4
Invok: Major Destruction |       |       |       |     1 ||     1
 Abil: Device Recharging |       |     1 |     2 |       ||     3
Evoke: Wand              |     3 |     5 |    11 |     3 ||    22
  Use: Scroll            |     3 |     4 |     3 |     1 ||    11
       Potion            |       |     1 |     4 |     2 ||     7
  Eat: Chunk             |       |     6 |    13 |     8 ||    27
       Pizza             |       |       |       |     1 ||     1
Armor: Scale mail        |    16 |    32 |    39 |       ||    87
       Ring mail         |    29 |    24 |       |       ||    53
       Chain mail        |       |       |   121 |   113 ||   234
Dodge: Dodged            |    39 |    49 |    63 |    55 ||   206
Block: Shield            |    46 |    82 |   151 |   126 ||   405
